 Dungeon Sprint DCSS version 0.27-a0-592-g0306a34022 (webtiles) character file.

Game seed: 11873188414311419954

201 rocky1 the Skirmisher (level 5, 0/62 HPs)
             Began as an Ogre Hunter on Mar 11, 2021.
             Was a Believer of Okawaru.
             Slain by an ice beast (10 damage)
             ... in the Dungeon (Sprint VII: "The Pits").
             The game lasted 00:02:09 (369 turns).

rocky1 the Skirmisher (Ogre Hunter)                  Turns: 369, Time: 00:02:09

Health: 0/62       AC:  3    Str: 17    XL:     5   Next: 79%
Magic:  8/8        EV: 10    Int: 12    God:    Okawaru [**....]
Gold:   0          SH:  0    Dex:  9    Spells: 4/4 levels left

rFire    . . .     SeeInvis .   o - +1 mace (vorpal)
rCold    . . .     Faith    .   (no shield)
rNeg     . . .     Spirit   .   b - +0 robe
rPois    .         Reflect  .   (helmet restricted)
rElec    .         Harm     .   (no cloak)
rCorr    .         Rampage  .   (gloves unavailable)
Will     .....     NoTele   +   (boots unavailable)
Stlth    +.........             (no amulet)
HPRegen  0.20/turn              (no ring)
MPRegen  0.11/turn              (no ring)

@: no status effects
A: large, unfitting armour, tough skin 1
a: Renounce Religion, Heroism


You were in the Dungeon.
You worshipped Okawaru.
Okawaru was pleased with you.
You visited 1 branch

Inventory:

Hand Weapons
 o - a +1 vorpal mace (weapon)
Missiles
 c - 4 large rocks (quivered)
 d - 2 throwing nets
Armour
 b - a +0 robe (worn)
Scrolls
 j - a scroll of blinking
 l - 5 scrolls of amnesia
 m - a scroll of summoning
Potions
 e - 6 potions of curing
 f - 4 potions of heal wounds
 g - a potion of haste
 h - 4 potions of magic
 i - 3 potions of berserk rage
 k - 2 potions of invisibility


   Skills:
 + Level 7.2 Fighting
 + Level 4.3 Maces & Flails
 + Level 6.5 Throwing
 + Level 4.9 Dodging
 - Level 1.1 Stealth
 + Level 5.2 Invocations


You had 4 spell levels left.
You didn't know any spells.
Your spell library was empty.

Dungeon Overview and Level Annotations

Branches:
Dungeon (1/1)

Altars:
Ashenzari
Cheibriados
Dithmenos
Elyvilon
Fedhas
Gozag
Hepliaklqana
Kikubaaqudgha
Makhleb
Nemelex Xobeh
Okawaru
Qazlal
Ru
Sif Muna
Trog
Uskayaw
Vehumet
Wu Jian
Xom
Yredelemnul
Zin
The Shining One
Beogh
Jiyva
Lugonu


Innate Abilities, Weirdness & Mutations

You are too large for most types of armour.
You have tough skin. (AC +1)


Message History

You hit the ice beast.
The ice beast is moderately wounded.
The ice beast hits you. The ice beast freezes you.
* * * LOW HITPOINT WARNING * * *
The ice beast hits you.
* * * LOW HITPOINT WARNING * * *
The ice beast freezes you!
* * * LOW HITPOINT WARNING * * *
You feel much better. The ice beast hits you. The ice beast freezes you.
* * * LOW HITPOINT WARNING * * *
Unknown command.
You hit the ice beast.
The ice beast is heavily wounded.
The ice beast hits you.
* * * LOW HITPOINT WARNING * * *
The ice beast freezes you.
* * * LOW HITPOINT WARNING * * *
Unknown command.
You feel much better.
The ice beast hits you but does no damage.
Unknown command.
You hit the ice beast.
The ice beast is heavily wounded.
The ice beast hits you. The ice beast freezes you!
You completely miss the ice beast.
The ice beast is heavily wounded.
The ice beast barely misses you.
You hit the ice beast but do no damage.
The ice beast is heavily wounded.
The ice beast hits you but does no damage.
You hit the ice beast but do no damage.
The ice beast is heavily wounded.
The ice beast hits you. The ice beast freezes you!
* * * LOW HITPOINT WARNING * * *
You hit the ice beast but do no damage.
The ice beast is heavily wounded.
The ice beast barely misses you. The ice beast hits you.
* * * LOW HITPOINT WARNING * * *
The ice beast freezes you!
You die...

#.?(.')))'.##.....
##########.##.....
#..........÷'.....
#'#####'#####.....
#.#...#÷#[[##.....
#.#..†#.#))#####'#
#.#.†.'.#))##.....
#.##)####))##.....
#@#...).#..##.....
#Y#.....#'###...<.
#l#........##.....
#.#........##.....
#'###########.....
#.....g.# ######
#..#l#..# #.## #
#..


You could see an ice beast and a leopard gecko.

Vanquished Creatures
  A floating eye (D)
  A wight (D)
  Ijyb (D)
  An orc wizard (D)
  3 leopard geckos (D)
  3 orcs (D)
  A giant cockroach (D)
  A kobold (D)
  2 bats (D)
14 creatures vanquished.

Notes
Turn   | Place    | Note
-------+----------+-------------------------------------------
     0 | D        | rocky1 the Ogre Hunter began the quest for the Orb.
     0 | D        | Reached XP level 1. HP: 22/22 MP: 1/1
    15 | D        | Reached skill level 3 in Fighting
    15 | D        | Reached skill level 1 in Stealth
    19 | D        | Found a bloodstained altar of Trog.
    19 | D        | Found a shimmering blue altar of Sif Muna.
    19 | D        | Found a viscous altar of Jiyva.
    19 | D        | Found a hazy altar of Hepliaklqana.
    19 | D        | Found an opulent altar of Gozag.
    46 | D        | Found a glowing golden altar of the Shining One.
    46 | D        | Found a glowing silver altar of Zin.
    46 | D        | Found a basalt altar of Yredelemnul.
    46 | D        | Found a shimmering altar of Xom.
    46 | D        | Found an ornate altar of the Wu Jian Council.
    46 | D        | Found a sacrificial altar of Ru.
    46 | D        | Found a stormy altar of Qazlal.
    46 | D        | Found an iron altar of Okawaru.
    46 | D        | Found a sparkling altar of Nemelex Xobeh.
    46 | D        | Found a burning altar of Makhleb.
    46 | D        | Found a blossoming altar of Fedhas.
    46 | D        | Found a white marble altar of Elyvilon.
    46 | D        | Found a shadowy altar of Dithmenos.
    46 | D        | Found a snail-covered altar of Cheibriados.
    49 | D        | Found a corrupted altar of Lugonu.
    49 | D        | Found a radiant altar of Vehumet.
    50 | D        | Found an ancient bone altar of Kikubaaqudgha.
    50 | D        | Found a hide-covered altar of Uskayaw.
    50 | D        | Found a broken altar of Ashenzari.
    54 | D        | Became a worshipper of Warmaster Okawaru
    68 | D        | Noticed a floating eye
    72 | D        | Paralysed by a floating eye for 4 turns
    77 | D        | Killed a floating eye
    77 | D        | Reached * piety under Okawaru
    77 | D        | Reached ** piety under Okawaru
    78 | D        | Reached skill level 5 in Fighting
    78 | D        | Reached skill level 5 in Throwing
    78 | D        | Reached XP level 2. HP: 36/36 MP: 1/4
    78 | D        | Reached XP level 3. HP: 44/44 MP: 1/5
    78 | D        | Reached XP level 4. HP: 52/52 MP: 1/6
   253 | D        | Reached skill level 6 in Fighting
   322 | D        | Noticed Ijyb
   331 | D        | Noticed an ice beast
   335 | D        | Reached XP level 5. HP: 52/61 MP: 8/8
   357 | D        | Killed Ijyb
   358 | D        | Reached skill level 7 in Fighting
   358 | D        | Reached skill level 5 in Invocations
   361 | D        | HP: 2/62 [ice beast (10)]
   369 | D        | Slain by an ice beast

Illustrated notes

Levels and vault maps discovered:
D:        pitsprint [storerooms_1, entrance_room_1, metal_vault_7, armoury_2,
          mini_pit_1, grid_room_1, main_hall_1, silver_pit, the_coven_1,
          the_vestibule_1, steel_vault_4, golden_pit, hallway_of_sentries,
          crystal_vault_4, iron_vault_4, final_vault]

Skill      XL: |  1  2  3  4  5 |
---------------+----------------+-----
Fighting       | 5 6 7 |  7.2
Dodging        | 4 |  4.9
Stealth        | 1 |  1.1
Maces & Flails | 3 4 |  4.3
Throwing       | 5 6 |  6.5
Invocations    | 3 4 5 |  5.2

Action                   |  1- 3 |  4- 6 || total
-------------------------+-------+-------++-------
Melee: Mace              |     5 |    50 ||    55
       Short sword       |     2 |       ||     2
Throw: Large rock        |       |     1 ||     1
  Use: Potion            |       |     2 ||     2
 Stab: Sleeping          |     1 |       ||     1
Armor: Robe              |     1 |    13 ||    14
Dodge: Dodged            |     3 |    22 ||    25

Table legend: (Time is in decaauts)
 A = Elapsed time spent in this place.
 B = Non-inter-level travel time spent in this place.
 C = Inter-level travel time spent in this place.
 D = Time resting spent in this place.
 E = Time spent auto-exploring this place.
 F = Levels seen in this place.
 G = Mean time per level.
                   A        B        C        D        E       F      G
               +--------+--------+--------+--------+--------+-----+--------+
         Total |    381 |    363 |     18 |    150 |      0 |   1 |  381.0 |
       Dungeon |    381 |    363 |     18 |    150 |      0 |   1 |  381.0 |
               +--------+--------+--------+--------+--------+-----+--------+

Top non-repeatable levels by time:
       D: 381 daAuts
